[Event "SVK ECo-C Extraliga 2018-19"]
[Site "Slovakia"]
[Date "2019.04.12"]
[Round "9.1"]
[White "Papp, Gabor"]
[Black "Vajda, Levente"]
[Result "1/2-1/2"]
[ECO "C84"]
[WhiteElo "2598"]
[BlackElo "2535"]
[Annotator "ChessBase"]
[PlyCount "47"]
[EventDate "2018.11.10"]
[EventType "team-tourn"]
[EventCountry "SVK"]
[SourceTitle "playchess.com"]
[Source "ChessBase"]
[SourceQuality "1"]
[WhiteTeam "Slovan"]
[BlackTeam "Streda"]
[TimeControl "40/5400+30:1800+30"]

1. e4 e5 2. Nf3 Nc6 3. Bb5 a6 4. Ba4 Nf6 5. O-O Be7 6. d3 d6 7. c3 O-O 8. Re1 b5 9. Bc2 Re8 10. Nbd2 Bf8 11. Nf1 h6 12. Ng3 g6 13. d4 Bg7 14. d5 Ne7 15. a4 Bb7 16. b3 c6 17. c4 b4 18. dxc6 Nxc6 19. h3 Re6 20. Be3 Nd7 21. Qd2 Qf8 22. Rad1 a5 23. Qc1 Nc5 24. Re2 1/2-1/2

[Event "SVK ECo-C Extraliga 2018-19"]
[Site "Slovakia"]
[Date "2019.04.12"]
[Round "9.1"]
[White "Sipos, Istvan"]
[Black "Aczel, Gergely"]
[Result "0-1"]
[ECO "D55"]
[WhiteElo "2472"]
[BlackElo "2542"]
[Annotator "ChessBase"]
[PlyCount "74"]
[EventDate "2018.11.10"]
[EventType "team-tourn"]
[EventCountry "SVK"]
[SourceTitle "playchess.com"]
[Source "ChessBase"]
[SourceQuality "1"]
[WhiteTeam "Komarno"]
[BlackTeam "Podhajska"]
[TimeControl "40/5400+30:1800+30"]

1. c4 e6 2. Nf3 d5 3. d4 Nf6 4. Bg5 Be7 5. Nc3 O-O 6. e3 h6 7. Bxf6 Bxf6 8. Rc1 c6 9. g4 g6 10. h4 Bg7 11. Bd3 dxc4 12. Bxc4 Nd7 13. Qc2 c5 14. dxc5 Nxc5 15. h5 g5 16. b4 Nd7 17. Ke2 Qe7 18. a3 a5 19. Qb3 Nb6 20. Bd3 Nd5 21. Nxd5 exd5 22. Rhg1 d4 23. Bf5 Bxf5 24. gxf5 axb4 25. axb4 Qe4 26. Nd2 Qxf5 27. e4 Rfe8 28. Qd3 Ra2 29. Rc2 Rxc2 30. Qxc2 Qh3 31. Rg3 Qxh5+ 32. Kd3 Be5 33. Rg1 Qh3+ 34. Ke2 Bf4 35. Nf3 Rc8 36. Qd1 Rc3 37. Nxd4 Qh5+ 0-1

[Event "SVK ECo-C Extraliga 2018-19"]
[Site "Slovakia"]
[Date "2019.04.12"]
[Round "9.2"]
[White "Miton, Kamil"]
[Black "Ponizil, Cyril"]
[Result "1/2-1/2"]
[ECO "A04"]
[WhiteElo "2593"]
[BlackElo "2501"]
[Annotator "ChessBase"]
[PlyCount "39"]
[EventDate "2018.11.10"]
[EventType "team-tourn"]
[EventCountry "SVK"]
[SourceTitle "playchess.com"]
[Source "ChessBase"]
[SourceQuality "1"]
[WhiteTeam "Dunajov"]
[BlackTeam "Dubnica"]
[TimeControl "40/5400+30:1800+30"]

1. Nf3 c5 2. b3 Nf6 3. Bb2 e6 4. c4 b6 5. g3 Bb7 6. Bg2 Be7 7. O-O O-O 8. e3 d5 9. Nc3 Nbd7 10. Qe2 Qc7 11. Rac1 Rad8 12. cxd5 Nxd5 13. d4 Nxc3 14. Bxc3 Qb8 15. Rfd1 Qa8 16. Ne1 Bf6 17. Bxb7 Qxb7 18. dxc5 Bxc3 19. Rxc3 Nxc5 20. Rcc1 1/2-1/2

[Event "SVK ECo-C Extraliga 2018-19"]
[Site "Slovakia"]
[Date "2019.04.12"]
[Round "9.2"]
[White "Babula, Vlastimil"]
[Black "Zilka, Stepan"]
[Result "1/2-1/2"]
[ECO "E53"]
[WhiteElo "2549"]
[BlackElo "2534"]
[Annotator "ChessBase"]
[PlyCount "87"]
[EventDate "2018.11.10"]
[EventType "team-tourn"]
[EventCountry "SVK"]
[SourceTitle "playchess.com"]
[Source "ChessBase"]
[SourceQuality "1"]
[WhiteTeam "Snina"]
[BlackTeam "Prakovce"]
[TimeControl "40/5400+30:1800+30"]

1. d4 Nf6 2. c4 e6 3. Nc3 Bb4 4. e3 O-O 5. Bd3 d5 6. Nf3 c5 7. cxd5 exd5 8. dxc5 Bxc5 9. h3 Nc6 10. O-O a6 11. b3 Re8 12. Bb2 Qd6 13. Rc1 Bd7 14. Ne2 Ne4 15. Nf4 Rad8 16. Bb1 Bc8 17. Nd2 Ba3 18. Qc2 Bxb2 19. Qxb2 Nxd2 20. Qxd2 d4 21. Rfd1 Qh6 22. e4 d3 23. Bxd3 Ne5 24. Nd5 Qxd2 25. Rxd2 Bxh3 26. Rc7 b5 27. a4 Nxd3 28. Rxd3 Be6 29. Ra7 bxa4 30. bxa4 Bxd5 31. Rxd5 Ra8 32. Rxa8 Rxa8 33. Rd6 g5 34. f3 a5 35. Rd5 f6 36. g4 Kf7 37. Kf2 Kg6 38. Ke3 h5 39. gxh5+ Kxh5 40. Rf5 Kg6 41. Kd4 Rb8 42. Rb5 Rd8+ 43. Kc4 Rc8+ 44. Kd4 1/2-1/2

[Event "SVK ECo-C Extraliga 2018-19"]
[Site "Slovakia"]
[Date "2019.04.12"]
[Round "9.2"]
[White "Gazik, Viktor"]
[Black "Jakab, Bela"]
[Result "1-0"]
[ECO "A11"]
[WhiteElo "2511"]
[BlackElo "2324"]
[Annotator "ChessBase"]
[PlyCount "75"]
[EventDate "2018.11.10"]
[EventType "team-tourn"]
[EventCountry "SVK"]
[SourceTitle "playchess.com"]
[Source "ChessBase"]
[SourceQuality "1"]
[WhiteTeam "Podhajska"]
[BlackTeam "Komarno"]
[TimeControl "40/5400+30:1800+30"]

1. c4 c6 2. Nf3 d5 3. g3 Nf6 4. Bg2 g6 5. b3 Bg7 6. Bb2 O-O 7. O-O Re8 8. d4 Bf5 9. Nbd2 Ne4 10. Rc1 Nxd2 11. Qxd2 Be4 12. Qf4 Qd6 13. Qe3 Nd7 14. Rfd1 Rac8 15. Bh3 Bxf3 16. exf3 e6 17. f4 h5 18. Bf1 Qb8 19. Ba3 Bf8 20. Bxf8 Kxf8 21. c5 b6 22. b4 a5 23. Rb1 bxc5 24. bxc5 Qc7 25. Rd3 Rb8 26. Re1 Nf6 27. Ra3 Ng4 28. Qe2 Rb4 29. f5 gxf5 30. Qd2 f4 31. h3 Nf6 32. Re5 fxg3 33. Rxg3 Ke7 34. Qf4 Qb8 35. Rf3 Rg8+ 36. Kh2 Rg6 37. Bd3 Rxd4 38. Rxe6+ 1-0

[Event "SVK ECo-C Extraliga 2018-19"]
[Site "Slovakia"]
[Date "2019.04.12"]
[Round "9.2"]
[White "Vykouk, Jan"]
[Black "Martinovic, Sasa"]
[Result "1/2-1/2"]
[ECO "B58"]
[WhiteElo "2441"]
[BlackElo "2555"]
[Annotator "ChessBase"]
[PlyCount "63"]
[EventDate "2018.11.10"]
[EventType "team-tourn"]
[EventCountry "SVK"]
[SourceTitle "playchess.com"]
[Source "ChessBase"]
[SourceQuality "1"]
[WhiteTeam "Osuske"]
[BlackTeam "Modra"]
[TimeControl "40/5400+30:1800+30"]

1. e4 c5 2. Nf3 d6 3. d4 cxd4 4. Nxd4 Nf6 5. Nc3 Nc6 6. Be2 e5 7. Nf3 h6 8. O-O Be7 9. Nd2 d5 10. exd5 Nxd5 11. Nxd5 Qxd5 12. Bf3 Qe6 13. Re1 O-O 14. c3 Rd8 15. Qe2 Bd7 16. Nc4 Bf6 17. Bd2 b5 18. Ne3 e4 19. Bg4 Qe5 20. Bxd7 Rxd7 21. Ng4 Qe6 22. Bf4 Bh4 23. Qxb5 Qxg4 24. Qxc6 Bxf2+ 25. Kxf2 Qxf4+ 26. Kg1 Rad8 27. Qxe4 Qxe4 28. Rxe4 Rd2 29. Rae1 Rxb2 30. Re8+ Rxe8 31. Rxe8+ Kh7 32. Re7 1/2-1/2

[Event "SVK ECo-C Extraliga 2018-19"]
[Site "Slovakia"]
[Date "2019.04.12"]
[Round "9.2"]
[White "Hrabusa, Matej"]
[Black "Repka, Christopher"]
[Result "0-1"]
[ECO "D00"]
[WhiteElo "2406"]
[BlackElo "2482"]
[Annotator "ChessBase"]
[PlyCount "70"]
[EventDate "2018.11.10"]
[EventType "team-tourn"]
[EventCountry "SVK"]
[SourceTitle "playchess.com"]
[Source "ChessBase"]
[SourceQuality "1"]
[WhiteTeam "Liptovska"]
[BlackTeam "Zilina"]
[TimeControl "40/5400+30:1800+30"]

1. d4 d5 2. Bf4 Nf6 3. e3 Bf5 4. Nf3 e6 5. Be2 Bd6 6. Bg3 Ne4 7. Nbd2 Nxg3 8. hxg3 h6 9. Ne5 Nd7 10. Ndf3 Be4 11. Nxd7 Qxd7 12. Bd3 O-O-O 13. c3 f5 14. Qc2 c5 15. dxc5 Bxc5 16. O-O-O Kb8 17. Kb1 Rhe8 18. c4 Rc8 19. Bxe4 fxe4 20. Nd2 Bd6 21. Qb3 Qf7 22. cxd5 exd5 23. f3 exf3 24. Nxf3 Bxg3 25. Rxd5 Rxe3 26. Qxe3 Qxd5 27. Rc1 Rd8 28. Ka1 g5 29. Qe7 Bf4 30. Rb1 Rc8 31. Qg7 h5 32. Qh6 Qe4 33. a3 g4 34. Qxh5 gxf3 35. gxf3 Qd4 0-1

[Event "SVK ECo-C Extraliga 2018-19"]
[Site "Slovakia"]
[Date "2019.04.12"]
[Round "9.3"]
[White "Antal, Gergely"]
[Black "Nemeth, Miklos"]
[Result "1-0"]
[ECO "B29"]
[WhiteElo "2552"]
[BlackElo "2488"]
[Annotator "ChessBase"]
[PlyCount "91"]
[EventDate "2018.11.10"]
[EventType "team-tourn"]
[EventCountry "SVK"]
[SourceTitle "playchess.com"]
[Source "ChessBase"]
[SourceQuality "1"]
[WhiteTeam "Slovan"]
[BlackTeam "Streda"]
[TimeControl "40/5400+30:1800+30"]

1. e4 c5 2. Nf3 Nf6 3. e5 Nd5 4. Nc3 Nxc3 5. dxc3 e6 6. Bf4 h6 7. h4 Qb6 8. b3 Qc7 9. Bd3 Nc6 10. Qe2 d5 11. exd6 Bxd6 12. Bxd6 Qxd6 13. Qe3 Bd7 14. O-O-O Qe7 15. Be4 O-O 16. g4 a5 17. g5 h5 18. g6 fxg6 19. Rhg1 Rf6 20. Rxg6 Rxg6 21. Bxg6 Be8 22. Bd3 Rd8 23. Ng5 Rd6 24. Rg1 e5 25. Ne4 Rg6 26. Ng3 Qxh4 27. Bxg6 Bxg6 28. Qxc5 Qg4 29. Qd5+ Kh7 30. Rh1 Qf4+ 31. Qd2 Kh6 32. Qxf4+ exf4 33. Ne2 f3 34. Nd4 Ne5 35. Re1 Ng4 36. Nxf3 Nxf2 37. Re6 Kh7 38. c4 Nh3 39. c5 Bf7 40. Rd6 Be8 41. Ne5 h4 42. Kd2 Ng5 43. Ke3 h3 44. Rd4 Kg8 45. Rh4 Kf8 46. Nf3 1-0

[Event "SVK ECo-C Extraliga 2018-19"]
[Site "Slovakia"]
[Date "2019.04.12"]
[Round "9.3"]
[White "Leniart, Arkadiusz"]
[Black "Markos, Jan"]
[Result "1/2-1/2"]
[ECO "E21"]
[WhiteElo "2486"]
[BlackElo "2571"]
[Annotator "ChessBase"]
[PlyCount "78"]
[EventDate "2018.11.10"]
[EventType "team-tourn"]
[EventCountry "SVK"]
[SourceTitle "playchess.com"]
[Source "ChessBase"]
[SourceQuality "1"]
[WhiteTeam "Prakovce"]
[BlackTeam "Snina"]
[TimeControl "40/5400+30:1800+30"]

1. d4 Nf6 2. c4 e6 3. Nc3 Bb4 4. Nf3 b6 5. Bg5 Bb7 6. Qc2 a5 7. e3 h6 8. Bh4 d6 9. O-O-O a4 10. a3 Bxc3 11. Qxc3 Nbd7 12. Bd3 Ra5 13. Rhg1 g5 14. Bg3 Ne4 15. Qc2 f5 16. Nd2 Nxg3 17. hxg3 Qf6 18. Nb1 O-O 19. Nc3 c5 20. d5 exd5 21. cxd5 Ne5 22. Bb5 Ba6 23. Bxa6 Rxa6 24. f4 Ng4 25. Rge1 b5 26. Nxb5 Rb6 27. Nc3 Rfb8 28. Nxa4 Rb3 29. Rd3 Rxd3 30. Qxd3 Nf2 31. Qc2 Ne4 32. g4 gxf4 33. gxf5 Qh4 34. Qe2 Re8 35. Kc2 fxe3 36. g4 Qf2 37. Qxf2 Nxf2 38. Nb6 Nxg4 39. Nc4 h5 1/2-1/2

[Event "SVK ECo-C Extraliga 2018-19"]
[Site "Slovakia"]
[Date "2019.04.12"]
[Round "9.3"]
[White "Petrik, Tomas"]
[Black "Rojicek, Vojtech"]
[Result "0-1"]
[ECO "C07"]
[WhiteElo "2475"]
[BlackElo "2386"]
[Annotator "ChessBase"]
[PlyCount "132"]
[EventDate "2018.11.10"]
[EventType "team-tourn"]
[EventCountry "SVK"]
[SourceTitle "playchess.com"]
[Source "ChessBase"]
[SourceQuality "1"]
[WhiteTeam "Zilina"]
[BlackTeam "Liptovska"]
[TimeControl "40/5400+30:1800+30"]

1. e4 e6 2. d4 d5 3. Nd2 c5 4. Ngf3 cxd4 5. exd5 Qxd5 6. Bc4 Qd6 7. O-O Nf6 8. Re1 Nc6 9. Ne4 Nxe4 10. Rxe4 Qc5 11. Bb3 Bd7 12. Nxd4 Nxd4 13. Rxd4 Bc6 14. Be3 Qa5 15. Qg4 Qe5 16. Re1 Bc5 17. Rdd1 Bxe3 18. Rxe3 Qf6 19. Bxe6 O-O 20. Bb3 Qxb2 21. c3 Rad8 22. Bxf7+ Kh8 23. Rxd8 Rxd8 24. h4 Qc1+ 25. Kh2 Qd2 26. Rg3 Qh6 27. Bb3 Qf6 28. Bc2 Rd2 29. Qc8+ Rd8 30. Qg4 Rd2 31. Rd3 Rxd3 32. Bxd3 g6 33. Qd4 Qxd4 34. cxd4 b5 35. Kg3 Kg7 36. Kf4 Bxg2 37. Bxb5 Bd5 38. a3 Kf6 39. Bd3 h6 40. Be4 g5+ 41. hxg5+ hxg5+ 42. Ke3 Ba2 43. Kd2 Ke6 44. Kc3 a5 45. Bc2 Kd5 46. f3 Kd6 47. Bb3 Bb1 48. Kc4 Bg6 49. Kb5 Bh5 50. Bd1 Kd5 51. Kxa5 Kxd4 52. Kb4 Ke3 53. a4 Kd2 54. f4 g4 55. Bb3 Ke3 56. f5 Ke4 57. Bd1 g3 58. Bxh5 g2 59. f6 g1=Q 60. f7 Qd4+ 61. Kb5 Qd5+ 62. Kb6 Qd6+ 63. Kb7 Kd5 64. a5 Kc5 65. a6 Qe7+ 66. Kc8 Kb6 0-1

[Event "SVK ECo-C Extraliga 2018-19"]
[Site "Slovakia"]
[Date "2019.04.12"]
[Round "9.3"]
[White "Roubalik, Jakub"]
[Black "Antoniewski, Rafal"]
[Result "1/2-1/2"]
[ECO "D38"]
[WhiteElo "2417"]
[BlackElo "2500"]
[Annotator "ChessBase"]
[PlyCount "30"]
[EventDate "2018.11.10"]
[EventType "team-tourn"]
[EventCountry "SVK"]
[SourceTitle "playchess.com"]
[Source "ChessBase"]
[SourceQuality "1"]
[WhiteTeam "Dubnica"]
[BlackTeam "Dunajov"]
[TimeControl "40/5400+30:1800+30"]

1. d4 Nf6 2. c4 e6 3. Nf3 d5 4. Nc3 Bb4 5. cxd5 exd5 6. Bg5 h6 7. Bh4 Nc6 8. e3 g5 9. Bg3 Ne4 10. Nd2 Nxc3 11. bxc3 Bxc3 12. Rc1 Ba5 13. Bb5 Bd7 14. O-O Ne7 15. Bd3 Bf5 1/2-1/2

[Event "SVK ECo-C Extraliga 2018-19"]
[Site "Slovakia"]
[Date "2019.04.12"]
[Round "9.3"]
[White "Cibickova, Zuzana"]
[Black "Polak, Tomas"]
[Result "1/2-1/2"]
[ECO "B11"]
[WhiteElo "2239"]
[BlackElo "2528"]
[Annotator "ChessBase"]
[PlyCount "109"]
[EventDate "2018.11.10"]
[EventType "team-tourn"]
[EventCountry "SVK"]
[SourceTitle "playchess.com"]
[Source "ChessBase"]
[SourceQuality "1"]
[WhiteTeam "Komarno"]
[BlackTeam "Podhajska"]
[TimeControl "40/5400+30:1800+30"]

1. e4 c6 2. Nc3 d5 3. Nf3 Bg4 4. h3 Bh5 5. exd5 cxd5 6. Bb5+ Nc6 7. g4 Bg6 8. Ne5 Rc8 9. d4 e6 10. h4 f6 11. Nxg6 hxg6 12. Qd3 Kf7 13. Bxc6 Rxc6 14. Ne2 Qa5+ 15. Bd2 Qa6 16. Qxa6 Rxa6 17. Bf4 Ne7 18. Kd2 Nc6 19. Bg3 Be7 20. f4 b5 21. Bf2 Rc8 22. Nc1 Ra4 23. b3 Ra3 24. Rh3 a5 25. Nd3 a4 26. Nc5 Ra8 27. Rb1 Rxa2 28. b4 Bd6 29. Be3 Ra3 30. Nd3 Rc8 31. h5 Rxd3+ 32. cxd3 Nxb4 33. h6 gxh6 34. Rxh6 Rc2+ 35. Kd1 Rg2 36. Rh7+ Kg8 37. Rd7 Bf8 38. Rd8 Na2 39. Bd2 Rxd2+ 40. Kxd2 b4 41. Ra8 a3 42. Kc2 Kg7 43. Re1 Nc3 44. Rxe6 Nb5 45. Rb6 Nxd4+ 46. Kb1 Kf7 47. Rxf8+ Kxf8 48. Rxb4 Ne2 49. Ka2 Nc1+ 50. Kxa3 Nxd3 51. Rd4 Ne1 52. Rxd5 Nc2+ 53. Kb3 Ne3 54. Rd8+ Ke7 55. Rd4 1/2-1/2

[Event "SVK ECo-C Extraliga 2018-19"]
[Site "Slovakia"]
[Date "2019.04.12"]
[Round "9.4"]
[White "Bulski, Krzysztof"]
[Black "Motuz, Karol"]
[Result "1/2-1/2"]
[ECO "A13"]
[WhiteElo "2538"]
[BlackElo "2375"]
[Annotator "ChessBase"]
[PlyCount "39"]
[EventDate "2018.11.10"]
[EventType "team-tourn"]
[EventCountry "SVK"]
[SourceTitle "playchess.com"]
[Source "ChessBase"]
[SourceQuality "1"]
[WhiteTeam "Dunajov"]
[BlackTeam "Dubnica"]
[TimeControl "40/5400+30:1800+30"]

1. c4 e6 2. g3 Nf6 3. Bg2 d5 4. Nf3 dxc4 5. Qa4+ Nbd7 6. Qxc4 a6 7. Qc2 c5 8. O-O b5 9. a4 Bb7 10. axb5 axb5 11. Rxa8 Qxa8 12. Nc3 b4 13. Nd1 Be7 14. Ne3 Nb6 15. b3 Nfd5 16. Bb2 Nxe3 17. fxe3 O-O 18. Ra1 Qb8 19. Ra5 Rd8 20. Kf2 1/2-1/2

[Event "SVK ECo-C Extraliga 2018-19"]
[Site "Slovakia"]
[Date "2019.04.12"]
[Round "9.4"]
[White "Kriebel, Tadeas"]
[Black "Druska, Juraj"]
[Result "1/2-1/2"]
[ECO "C18"]
[WhiteElo "2514"]
[BlackElo "2455"]
[Annotator "ChessBase"]
[PlyCount "82"]
[EventDate "2018.11.10"]
[EventType "team-tourn"]
[EventCountry "SVK"]
[SourceTitle "playchess.com"]
[Source "ChessBase"]
[SourceQuality "1"]
[WhiteTeam "Snina"]
[BlackTeam "Prakovce"]
[TimeControl "40/5400+30:1800+30"]

1. e4 e6 2. d4 d5 3. Nc3 Bb4 4. e5 Ne7 5. a3 Bxc3+ 6. bxc3 c5 7. Qg4 Kf8 8. Nf3 Qc7 9. Bd3 cxd4 10. O-O dxc3 11. a4 Nbc6 12. Re1 Kg8 13. Ba3 Ng6 14. Bd6 Qd8 15. h4 h5 16. Qg3 Nce7 17. Ng5 Bd7 18. Re3 Rc8 19. Rb1 b6 20. Nxf7 Kxf7 21. Bxg6+ Nxg6 22. Rf3+ Kg8 23. Qxg6 Rh6 24. Qg3 Bxa4 25. Rf8+ Qxf8 26. Bxf8 Rxf8 27. Qxc3 Rf4 28. Qc7 Rg6 29. Qxa7 b5 30. Qe7 Rc4 31. Rb4 Bxc2 32. Qe8+ Kh7 33. Qxb5 Be4 34. Rxc4 dxc4 35. Qxc4 Bxg2 36. Kh2 Bf3 37. Qd3 Bg4 38. f3 Bf5 39. Qd8 Bc2 40. Qd2 Bf5 41. Qd1 Kg8 1/2-1/2

[Event "SVK ECo-C Extraliga 2018-19"]
[Site "Slovakia"]
[Date "2019.04.12"]
[Round "9.4"]
[White "Bokros, Albert"]
[Black "Ftacnik, Lubomir"]
[Result "1/2-1/2"]
[ECO "B90"]
[WhiteElo "2466"]
[BlackElo "2516"]
[Annotator "ChessBase"]
[PlyCount "62"]
[EventDate "2018.11.10"]
[EventType "team-tourn"]
[EventCountry "SVK"]
[SourceTitle "playchess.com"]
[Source "ChessBase"]
[SourceQuality "1"]
[WhiteTeam "Streda"]
[BlackTeam "Slovan"]
[TimeControl "40/5400+30:1800+30"]

1. e4 c5 2. Nf3 d6 3. d4 cxd4 4. Nxd4 Nf6 5. Nc3 a6 6. Be3 e5 7. Nf3 Be7 8. Bc4 O-O 9. O-O Be6 10. Bb3 b5 11. Nd5 Nbd7 12. Nxf6+ Nxf6 13. Qd3 Bxb3 14. axb3 d5 15. Nxe5 Qc7 16. Bd4 dxe4 17. Qc3 Rfc8 18. Qxc7 Rxc7 19. c3 Nd5 20. Rfe1 f6 21. Ng4 f5 22. Ne3 Nxe3 23. Rxe3 Rc6 24. f3 Bg5 25. Re2 exf3 26. gxf3 Rd8 27. b4 Kf7 28. Re5 g6 29. Rc5 Rdd6 30. Re1 Bf6 31. Bxf6 Kxf6 1/2-1/2

[Event "SVK ECo-C Extraliga 2018-19"]
[Site "Slovakia"]
[Date "2019.04.12"]
[Round "9.4"]
[White "Likavsky, Tomas"]
[Black "Molnar, Erno"]
[Result "1/2-1/2"]
[ECO "D90"]
[WhiteElo "2425"]
[BlackElo "2194"]
[Annotator "ChessBase"]
[PlyCount "44"]
[EventDate "2018.11.10"]
[EventType "team-tourn"]
[EventCountry "SVK"]
[SourceTitle "playchess.com"]
[Source "ChessBase"]
[SourceQuality "1"]
[WhiteTeam "Podhajska"]
[BlackTeam "Komarno"]
[TimeControl "40/5400+30:1800+30"]

1. d4 Nf6 2. c4 g6 3. Nc3 d5 4. Nf3 Bg7 5. Qa4+ c6 6. cxd5 Nxd5 7. e4 Nxc3 8. bxc3 O-O 9. Be3 Nd7 10. Rd1 e5 11. Bd3 Qc7 12. O-O c5 13. d5 Nf6 14. h3 Ne8 15. c4 Nd6 16. Nd2 b6 17. Qc2 f5 18. f3 f4 19. Bf2 g5 20. Rb1 h5 21. Be2 Bf6 22. Rb3 Kf7 1/2-1/2

[Event "SVK ECo-C Extraliga 2018-19"]
[Site "Slovakia"]
[Date "2019.04.12"]
[Round "9.4"]
[White "Berezjuk, Sergej"]
[Black "Rigo, Zsolt"]
[Result "1/2-1/2"]
[ECO "D05"]
[WhiteElo "2398"]
[BlackElo "2396"]
[Annotator "NA"]
[PlyCount "31"]
[EventDate "2018.11.10"]
[EventType "team-tourn"]
[EventCountry "SVK"]
[SourceTitle "playchess.com"]
[Source "ChessBase"]
[SourceQuality "1"]
[WhiteTeam "Osuske"]
[BlackTeam "Modra"]
[TimeControl "40/5400+30:1800+30"]

1. d4 Nf6 2. Nf3 e6 3. e3 b6 4. Bd3 Bb7 5. O-O d5 6. Nbd2 Nbd7 7. b3 Bd6 8. Bb2 Ne4 9. Ne5 Nxd2 10. Qxd2 O-O 11. Qe2 Nf6 12. f4 Ne4 13. Rad1 Qe7 14. c4 Rad8 15. Qc2 c5 16. cxd5 1/2-1/2

[Event "SVK ECo-C Extraliga 2018-19"]
[Site "Slovakia"]
[Date "2019.04.12"]
[Round "9.4"]
[White "Hausner, Ivan"]
[Black "Jurcik, Marian"]
[Result "0-1"]
[ECO "A28"]
[WhiteElo "2349"]
[BlackElo "2494"]
[Annotator "ChessBase"]
[PlyCount "104"]
[EventDate "2018.11.10"]
[EventType "team-tourn"]
[EventCountry "SVK"]
[SourceTitle "playchess.com"]
[Source "ChessBase"]
[SourceQuality "1"]
[WhiteTeam "Liptovska"]
[BlackTeam "Zilina"]
[TimeControl "40/5400+30:1800+30"]

1. c4 e5 2. Nc3 Nf6 3. Nf3 Nc6 4. d4 exd4 5. Nxd4 Bb4 6. Bg5 h6 7. Bh4 Bxc3+ 8. bxc3 O-O 9. Nxc6 dxc6 10. Qxd8 Rxd8 11. Bxf6 gxf6 12. e3 Be6 13. Rd1 Kf8 14. h4 c5 15. h5 Rxd1+ 16. Kxd1 Rd8+ 17. Kc1 Rd6 18. Rh4 Ra6 19. Kb2 Rb6+ 20. Kc2 Ra6 21. Kb2 Rb6+ 22. Kc2 Bf5+ 23. e4 Be6 24. a3 Bd7 25. Rf4 Ke7 26. Be2 Ba4+ 27. Kd3 Rb3 28. Rg4 Rxa3 29. Rg8 b5 30. cxb5 Bxb5+ 31. Ke3 a6 32. Rc8 c6 33. Rc7+ Kf8 34. Bxb5 axb5 35. Rxc6 Rxc3+ 36. Kd2 b4 37. Rxf6 Kg7 38. Rb6 Rb3 39. Rc6 Rb2+ 40. Ke3 Rc2 41. Rb6 Rc1 42. Rb5 Kf6 43. f4 Ke7 44. g4 Rc3+ 45. Kd2 f6 46. Rb7+ Kd6 47. Rb6+ Kc7 48. Rxf6 c4 49. g5 Rd3+ 50. Ke2 b3 51. Rf7+ Kc6 52. Rf8 b2 0-1

[Event "SVK ECo-C Extraliga 2018-19"]
[Site "Slovakia"]
[Date "2019.04.12"]
[Round "9.5"]
[White "Stohl, Igor"]
[Black "Karas, Marek"]
[Result "1/2-1/2"]
[ECO "D11"]
[WhiteElo "2489"]
[BlackElo "2246"]
[Annotator "ChessBase"]
[PlyCount "54"]
[EventDate "2018.11.10"]
[EventType "team-tourn"]
[EventCountry "SVK"]
[SourceTitle "playchess.com"]
[Source "ChessBase"]
[SourceQuality "1"]
[WhiteTeam "Modra"]
[BlackTeam "Osuske"]
[TimeControl "40/5400+30:1800+30"]

1. Nf3 d5 2. c4 c6 3. e3 Nf6 4. d4 a6 5. Nbd2 e6 6. b3 c5 7. Bb2 Nc6 8. Bd3 Be7 9. O-O O-O 10. Rc1 dxc4 11. Nxc4 cxd4 12. Nxd4 Nxd4 13. Bxd4 b5 14. Ne5 Bb7 15. Nc6 Bxc6 16. Rxc6 Nd5 17. Qb1 h6 18. Bh7+ Kh8 19. Be4 Nb4 20. Rcc1 Rc8 21. Qb2 f6 22. Rcd1 Qc7 23. a3 Nd5 24. Rc1 Qd6 25. b4 Qd7 26. Rcd1 Qc7 27. Rd2 Nb6 1/2-1/2

[Event "SVK ECo-C Extraliga 2018-19"]
[Site "Slovakia"]
[Date "2019.04.12"]
[Round "9.5"]
[White "Nayhebaver, Martin"]
[Black "Haring, Filip"]
[Result "1-0"]
[ECO "B24"]
[WhiteElo "2464"]
[BlackElo "2309"]
[Annotator "ChessBase"]
[PlyCount "91"]
[EventDate "2018.11.10"]
[EventType "team-tourn"]
[EventCountry "SVK"]
[SourceTitle "playchess.com"]
[Source "ChessBase"]
[SourceQuality "1"]
[WhiteTeam "Zilina"]
[BlackTeam "Liptovska"]
[TimeControl "40/5400+30:1800+30"]

1. e4 c5 2. Nc3 Nc6 3. Bb5 Nd4 4. Nf3 e6 5. Bc4 a6 6. Nxd4 cxd4 7. Ne2 b5 8. Bb3 Qb6 9. O-O Ne7 10. d3 Nc6 11. Ng3 Bb7 12. Qg4 Qc5 13. Nh5 O-O-O 14. c3 f5 15. Qd1 g6 16. Nf4 Bg7 17. Bd2 Qd6 18. Ne2 fxe4 19. dxe4 d3 20. Be3 Ne5 21. f3 h5 22. Nd4 h4 23. h3 g5 24. Bxg5 Rdg8 25. Qd2 Nf7 26. Be3 Bh6 27. Rae1 Ng5 28. Kh1 Qg3 29. Bxg5 Rxg5 30. f4 Rg7 31. Rf3 Qg6 32. Bd1 Bxe4 33. Rf2 Rhg8 34. Bf3 Bxf3 35. Nxf3 Qg3 36. Ne5 Rf8 37. Nxd3 Rf5 38. Rf3 Qg6 39. Qe2 Rd5 40. c4 Rd4 41. cxb5 axb5 42. Ne5 Qf5 43. Qxb5 Rxf4 44. Ra3 Kd8 45. Ra8+ Kc7 46. Qb8# 1-0

[Event "SVK ECo-C Extraliga 2018-19"]
[Site "Slovakia"]
[Date "2019.04.12"]
[Round "9.5"]
[White "Manik, Mikulas"]
[Black "Mrva, Martin"]
[Result "1-0"]
[ECO "C67"]
[WhiteElo "2393"]
[BlackElo "2416"]
[Annotator "NA"]
[PlyCount "79"]
[EventDate "2018.11.10"]
[EventType "team-tourn"]
[EventCountry "SVK"]
[SourceTitle "playchess.com"]
[Source "ChessBase"]
[SourceQuality "1"]
[WhiteTeam "Prakovce"]
[BlackTeam "Snina"]
[TimeControl "40/5400+30:1800+30"]

1. e4 e5 2. Nf3 Nc6 3. Bb5 Nf6 4. O-O Nxe4 5. Qe2 Nd6 6. Bxc6 dxc6 7. Qxe5+ Qe7 8. Qa5 Qd8 9. Qc3 Be6 10. Re1 Nf5 11. Qb3 Bd6 12. Qxb7 O-O 13. Nc3 Bd7 14. d4 Nh4 15. Ne5 Rb8 16. Qa6 c5 $16 17. Ne4 Bb5 18. Qa5 cxd4 19. Bg5 Be7 20. Bxh4 Bxh4 21. Rad1 Be7 22. Qxa7 Rb6 23. a4 Be8 24. Nc4 Re6 25. Rxd4 Qc8 26. Rdd1 Bc6 27. Ng3 Rd8 28. Ne3 g6 29. Rxd8+ Qxd8 30. Rd1 Qc8 31. c3 h5 32. Ne2 Re5 33. b4 Bc5 34. bxc5 Rxe3 35. fxe3 Qg4 36. Rd8+ Kg7 37. Nf4 Qh4 38. Rd1 g5 39. Qxc7 Qg4 40. Rf1 1-0

[Event "SVK ECo-C Extraliga 2018-19"]
[Site "Slovakia"]
[Date "2019.04.12"]
[Round "9.5"]
[White "Pacher, Milan"]
[Black "Varga, Zoltan"]
[Result "1-0"]
[ECO "B01"]
[WhiteElo "2391"]
[BlackElo "2451"]
[Annotator "ChessBase"]
[PlyCount "61"]
[EventDate "2018.11.10"]
[EventType "team-tourn"]
[EventCountry "SVK"]
[SourceTitle "playchess.com"]
[Source "ChessBase"]
[SourceQuality "1"]
[WhiteTeam "Slovan"]
[BlackTeam "Streda"]
[TimeControl "40/5400+30:1800+30"]

1. e4 d5 2. exd5 Qxd5 3. Nc3 Qd8 4. d4 Nf6 5. Nf3 Bf5 6. Ne5 e6 7. g4 Be4 8. Nxe4 Nxe4 9. Qf3 Nd6 10. Bf4 Be7 11. O-O-O Bg5 12. h4 Bxf4+ 13. Qxf4 c6 14. c4 Qe7 15. c5 Nc8 16. g5 Nd7 17. h5 h6 18. gxh6 Rxh6 19. Rg1 Qf6 20. Qxf6 Nxf6 21. Rxg7 Rxh5 22. Be2 Rf5 23. Rh1 Nd7 24. Bg4 Rxf2 25. Nd3 Kf8 26. Rg5 Rg2 27. Nf4 Rg3 28. Rf1 Ke7 29. Nh5 Rd3 30. Rg7 Rxd4 31. Rfxf7+ 1-0